 Dungeon Crawl Stone Soup version 0.19-a0-1259-g4fc3c0a (webtiles) character file.

79 Proton the Shield-Bearer (level 4, -7/29 HPs)
             Began as a Gargoyle Fighter on Aug 28, 2016.
             Mangled by Sigmund
             ... wielding a +0 scythe
              (8 damage)
             ... on level 2 of the Dungeon.
             The game lasted 00:03:04 (1466 turns).

Proton the Shield-Bearer (Gargoyle Fighter)         Turns: 1466, Time: 00:03:04

Health: -7/29      AC: 10    Str: 20    XL:     4   Next: 37%
Magic:  4/4        EV:  7    Int:  9    God:
Gold:   80         SH:  9    Dex:  9    Spells: 0 memorised, 3 levels left

rFire  . . .     SeeInvis .     a - +0 flail
rCold  . . .     Gourm    .     b - +0 scale mail
rNeg   + . .     Faith    .     c - +0 shield
rPois  ∞         Spirit   .     (no helmet)
rElec  +         Dismiss  .     (no cloak)
rCorr  .         Reflect  .     (no gloves)
MR     .....     Harm     .     (no boots)
Stlth  ..........               (no amulet)
                                (no ring)
                                (no ring)

@: no status effects
A: negative energy resistance 1, electricity resistance, unbreathing,
petrification resistance, rot immunity, AC +3
a: no special abilities


You were on level 2 of the Dungeon.
You were not hungry.

You visited 1 branch of the dungeon, and saw 2 of its levels.

You collected 80 gold pieces.

Inventory:

Hand Weapons
 a - a +0 flail (weapon)
Armour
 b - a +0 scale mail (worn)
 c - a +0 shield (worn)
Jewellery
 e - an uncursed amulet of dismissal
Scrolls
 h - a scroll of identify {unknown}
 i - a scroll of remove curse {unknown}
 j - a scroll of noise {unknown}
 k - 2 scrolls of blinking {unknown}
Potions
 d - a potion of might
 n - 2 potions of agility {unknown}
Comestibles
 f - a bread ration
 g - 2 meat rations
 l - 2 chunks of flesh
 m - a beef jerky


   Skills:
 + Level 3.8 Fighting
 * Level 3.1 Maces & Flails
 + Level 3.7 Armour
 + Level 4.0 Shields


You had 3 spell levels left.
You didn't know any spells.

Dungeon Overview and Level Annotations

Branches:
Dungeon (2/15)

Altars:

Annotations:
D:2 Sigmund


Innate Abilities, Weirdness & Mutations

You are resistant to torment.
Your stone body is resilient. (AC +3)
You are immune to poison.
You resist negative energy. (rN+)
You are resistant to electric shocks. (rElec)
You can survive without breathing.
You are immune to petrification.
You are immune to rotting.


Message History

You miss something. Something hits you but does no damage.
Your shield and scale mail prevent you from hitting something.
You miss something. You block something's attack.
You miss something. You block something's attack.
You closely miss something. You block something's attack.
You closely miss something. Something hits you.
You hit something. Something completely misses you.
You closely miss something. Something hits you but does no damage.
You miss something.
You hear some strange, mumbled words.
A magic dart appears from out of thin air!
The magic dart hits you!
You barely miss something. Something hits you but does no damage.
You miss something. Something hits you.
* * * LOW HITPOINT WARNING * * *
You closely miss something. Something hits you.
* * * LOW HITPOINT WARNING * * *
You closely miss something. You closely miss something. Something hits you!
You die...

#. #.# #.#
#.######.######.######
#......................
#..#####.#####...######
#..# #.# #.....#
#..#####.# ###...##
#........###..#..#
##.####..#..#...#...
#.# ##@.#...#...#..#
#.####.#{..#...#...#.
#....#...#...#...#..
####.#.#...#...#...#
##.#...#...#...#.
#....#...#...#..
#.......#...#..
##....#...#..
#......#...#


There were no monsters in sight!

Vanquished Creatures
  Natasha (D:2)
  An ooze (D:1)
  2 worms
  3 dart slugs (D:1)
  A giant cockroach (D:1)
  2 goblins (D:1)
  8 hobgoblins
  5 jackals
  3 bats (D:1)
  A giant newt (D:2)
  7 kobolds
  5 rats
39 creatures vanquished.

Notes
Turn   | Place    | Note
-------+----------+-------------------------------------------
     0 | D:1      | Proton the Gargoyle Fighter began the quest for the Orb.
     0 | D:1      | Reached XP level 1. HP: 14/14 MP: 1/1
   240 | D:1      | Reached XP level 2. HP: 19/19 MP: 2/2
   676 | D:1      | Reached XP level 3. HP: 23/23 MP: 3/3
  1323 | D:2      | Noticed Natasha
  1328 | D:2      | Killed Natasha
  1328 | D:2      | Reached skill level 4 in Shields
  1328 | D:2      | Reached XP level 4. HP: 16/29 MP: 4/4
  1414 | D:2      | Noticed Sigmund
  1464 | D:2      | HP: 1/29 [something (6)]
  1466 | D:2      | Mangled by Sigmund

Vault maps used:
D:1:      evilmike_arrival_run_for_it, serial_forest,
          infiniplex_forest_clump_cross, infiniplex_forest_lined_3_way,
          infiniplex_forest_clump_small, infiniplex_forest_clump_long,
          minivault_4
D:2:      hex_medium, minmay_close_crescents, uniq_crazy_yiuf_cottage,
          uniq_sigmund, uniq_iyjb, uniq_natasha

Skill      XL: |  1  2  3 |
---------------+----------+-----
Maces & Flails | 3 |  3.1
Shields        | 4 |  4.0
Fighting       | |  3.8
Armour         | |  3.7

Action                   |  1- 3 |  4- 6 || total
-------------------------+-------+-------++-------
Melee: Flail             |   151 |    32 ||   183
  Eat: Chunk             |     2 |       ||     2
Armor: Scale mail        |    86 |    12 ||    98
Dodge: Dodged            |    52 |     5 ||    57
Block: Shield            |    90 |     6 ||    96
